 Dungeon Crawl Stone Soup version 0.28.0-45-g0d030f2227 (webtiles) character file.

Game seed: 480451241610162168

892 kingofstarryskies the Spear-Bearer (level 8, -8/66 HPs)
             Began as a Hill Orc Fighter on Apr 14, 2022.
             Mangled by an ogre
             ... wielding a +0 giant club
              (18 damage)
             ... on level 6 of the Dungeon.
             The game lasted 00:08:42 (4785 turns).

kingofstarryskies the Spear-Bearer (HOFi)           Turns: 4785, Time: 00:08:42

Health: -8/66      AC:  6    Str: 27    XL:     8   Next: 6%
Magic:  8/8        EV:  9    Int:  8    God:
Gold:   175        SH:  5    Dex: 12    Spells: 7/7 levels left

rFire   . . .      SeeInvis +   h - +0 trident (venom)
rCold   . . .      Faith    +   c - +0 buckler
rNeg    . . .      Spirit   .   b - +0 scale mail
rPois   .          Reflect  .   (no helmet)
rElec   .          Harm     .   (no cloak)
rCorr   .          Rampage  .   (no gloves)
Will    .....                   (no boots)
Stlth   ..........              n - amulet of the Duke {Faith Dex+2}
HPRegen 0.21/turn               l - ring of see invisible
MPRegen 0.11/turn               k - +6 ring of strength

@: no status effects
A: no striking features
a: no special abilities


You were on level 6 of the Dungeon.
You visited 1 branch of the dungeon, and saw 6 of its levels.

You collected 175 gold pieces.

Inventory:

Hand Weapons
 a - a +1 trident
 h - a +0 trident of venom (weapon)
Armour
 b - a +0 scale mail (worn)
 c - a +0 buckler (worn)
Jewellery
 k - a +6 ring of strength (right hand)
 l - a ring of see invisible (left hand)
 n - the amulet of the Duke (around neck) {Faith Dex+2}
   (You found it on level 5 of the Dungeon)

   [amulet of faith]

   It allows you to gain divine favour quickly.
   Dex:       It affects your dexterity (+2).
Wands
 f - a wand of flame (13)
 m - a wand of digging (2)
Scrolls
 e - 3 scrolls of teleportation
 j - 2 scrolls of identify
Potions
 d - 2 potions of might
 g - a potion of curing
 i - a potion of heal wounds
 o - a potion of ambrosia {unknown}


   Skills:
 - Level 3.6 Fighting
 * Level 9.7 Polearms
 - Level 3.3 Armour
 - Level 4.0 Shields


You had 7 spell levels left.
You didn't know any spells.
Your spell library contained the following spells:

 Spells                   Type           Power      Damage    Failure   Level
 Apportation              Tloc           0%         N/A       77%         1
 Inner Flame              Hex/Fire       0%         N/A       98%         3
 Cause Fear               Hex            0%         N/A       100%        4
 Alistair's Intoxication  Tmut/Pois      0%         N/A       100%        5
 Discord                  Hex            0%         N/A       100%        8


Dungeon Overview and Level Annotations

Branches:
Dungeon (6/15)
 Temple: D:4-7

Altars:
Kikubaaqudgha

Shops:
D:1 (

Annotations:
D:6 Blork the orc


Message History

o - a sedimented inky potion You puncture the iguana!
The iguana is severely wounded.
The iguana bites you.
You hit the iguana but do no damage.
The iguana is poisoned.
The iguana is severely wounded.
You block the iguana's attack.
You barely miss the iguana.
The iguana is almost dead.
You kill the iguana!
You see here a +0 chain mail.
Blork the orc comes into view.
He is wielding a +0 glaive.
Blork the orc shouts!
Blork the orc moves out of view.
An ogre comes into view. It is wielding a +0 giant club.
Found a ring mail.
The ogre shouts!
Blork the orc casts a spell at you. The magic dart hits you.
Blork the orc gestures at you while chanting.
The puff of frost hits you!
Blork the orc is nearby!
The ogre barely misses you.
You puncture the ogre!
The ogre is heavily wounded.
Blork the orc gestures wildly while chanting.
Blork the orc seems to speed up.
The ogre hits you with a +0 giant club!!
You barely miss the ogre.
The ogre is heavily wounded.
You hit the ogre.
The ogre is severely wounded.
The ogre hits you with a +0 giant club!!
* * * LOW HITPOINT WARNING * * *
You hit the ogre.
The ogre is severely wounded.
You barely miss the ogre.
The ogre is severely wounded.
The ogre hits you with a +0 giant club!!
You die...

#. ... #. #.#
#.#####.# #.#...#..
#....##.# #....#.####
#####.#..#....#
#.@...[..#.##.# ##
#O###..#.#..#.# .
#o...#.#....#.# #
#....#.#..##..#.#####
#....#.##.#...#......
#....#. #....#.......
#....+. ##...........
.....## #...#(......
....[.#
......#.......


You could see Blork the orc (fast) and an ogre.

Vanquished Creatures
  A water moccasin (D:5)
  A necrophage (D:4)
  2 ogres (D:5)
  A scorpion (D:5)
  A howler monkey (D:4)
  2 bullfrog skeletons
  4 hounds
  A centaur skeleton (D:5)
  3 iguanas
  A scorpion zombie (D:5)
  A howler monkey zombie (D:5)
  A howler monkey skeleton (D:5)
  3 adders
  2 white imps (D:5)
  8 orcs
  12 endoplasms
  2 giant cockroaches
  3 goblins
  6 hobgoblins
  4 quokkas
  2 ball pythons
  3 bats
  6 frilled lizards
  3 kobolds
  A rat (D:3)
74 creatures vanquished.

Vanquished Creatures (others)
  A human (D:5)
  A butterfly (D:3)
2 creatures vanquished.

Grand Total: 76 creatures vanquished

Notes
Turn   | Place    | Note
-------+----------+-------------------------------------------
     0 | D:1      | kingofstarryskies the Hill Orc Fighter began the quest for
                  | the Orb.
     0 | D:1      | Reached XP level 1. HP: 19/19 MP: 1/1
   284 | D:1      | Found Kargh's Weapon Boutique.
   582 | D:1      | Reached XP level 2. HP: 19/27 MP: 2/2
   684 | D:1      | Noticed a floating eye
   686 | D:1      | Found a faded altar of an unknown god.
   688 | D:1      | Noticed a shining eye
   688 | D:1      | Noticed a golden eye
   688 | D:1      | Noticed a floating eye
  1371 | D:2      | Reached XP level 3. HP: 33/33 MP: 3/3
  1395 | D:2      | Reached skill level 3 in Polearms
  2276 | D:4      | Reached XP level 4. HP: 40/40 MP: 4/4
  2322 | D:4      | Reached skill level 4 in Polearms
  2493 | D:4      | Reached skill level 5 in Polearms
  2493 | D:4      | Reached XP level 5. HP: 46/46 MP: 5/5
  2729 | D:4      | Noticed a necrophage
  2748 | D:4      | Killed a necrophage
  2749 | D:4      | Reached skill level 6 in Polearms
  2749 | D:4      | Reached XP level 6. HP: 38/52 MP: 6/6
  3067 | D:5      | Entered Level 5 of the Dungeon
  3245 | D:5      | Reached skill level 7 in Polearms
  3587 | D:5      | Identified the amulet of the Duke {Faith Dex+2}
  3596 | D:5      | Noticed a water moccasin
  3616 | D:5      | Reached XP level 7. HP: 42/58 MP: 7/7
  3621 | D:5      | Reached skill level 8 in Polearms
  4326 | D:5      | Reached skill level 9 in Polearms
  4414 | D:5      | Found an ancient bone altar of Kikubaaqudgha.
  4415 | D:5      | Noticed a human
  4419 | D:5      | Killed a human
  4701 | D:6      | Reached XP level 8. HP: 53/66 MP: 8/8
  4773 | D:6      | Noticed Blork the orc
  4785 | D:6      | Mangled by an ogre

Illustrated notes

Levels and vault maps discovered:
D:1:      amcnicky_arrival_wind_blow, layout_loops_corners,
          hellmonk_ecumenical_altar_watching_god, serial_shops,
          nicolae_shop_bloodbath_and_beyond
D:2:      layout_basic
D:3:      layout_loops_cross, nicolae_elyvilon_peaceful_grove,
          grunt_temple_overflow_diamond, grunt_decor_fettered
D:4:      layout_basic
D:5:      layout_loops_ring, tgw_kikubaaqudgha, skrybe_limestone_x
D:6:      layout_basic, uniq_blork_the_orc, uniq_prince_ribbit1

Skill      XL: |  1  2  3  4  5  6  7 |
---------------+----------------------+-----
Shields        | 4 |  4.0
Polearms       | 3 5 6 7 9 |  9.7
Fighting       | |  3.6
Armour         | |  3.3

Action                   |  1- 3 |  4- 6 |  7- 9 || total
-------------------------+-------+-------+-------++-------
Melee: Trident           |   114 |   102 |    62 ||   278
  Use: Scroll            |     6 |       |     1 ||     7
       Potion            |       |     4 |     2 ||     6
Armor: Scale mail        |    46 |    28 |     3 ||    77
       Skin              |       |    10 |       ||    10
Dodge: Dodged            |    44 |    35 |    14 ||    93
Block: Buckler           |    16 |    13 |     8 ||    37
